Selects Airborne Battlegroup
Selects Heavy Machine Gun Paradrop
Heavy Machine Gun Paradrop
Heavy Machine Gun Paradrop
Selects Paratrooper Squad Paradrop
Paratrooper Squad Paradrop
Selects Smoke Bombing Run
Paratrooper Squad Paradrop
Selects Anti-tank Gun Team Paradrop
Anti-tank Gun Team Paradrop
M4(105) Sherman Bulldozer
M4(105) Sherman Bulldozer
Paratrooper Squad Paradrop
M18 Hellcat Tank Destroyer
Selects Carpet Bombing Run
Paratrooper Squad Paradrop
Construct Medical Station
M4(105) Sherman Bulldozer
M18 Hellcat Tank Destroyer